 Dungeon Sprint DCSS version 0.31-a0-949-g57150269e1 (webtiles) character file.

Game seed: 12109291040881495044

17633 sircluck the Brawler (level 12, -26/217 (235) HPs)
             Began as a Troll Berserker on Oct 21, 2023.
             Was a High Priest of Trog.
             Annihilated by Ereshkigal (32 damage)
             ... in the Dungeon (Sprint VII: "The Pits") on Oct 22, 2023.
             The game lasted 00:08:07 (1410 turns).

sircluck the Brawler (Troll Berserker)              Turns: 1410, Time: 00:08:08

HP:   -26/217 (235) AC: 14    Str: 32    XL:     12   Next: 20%
MP:   11/11         EV: 16    Int:  3    God:    Trog [*****.]
Gold: 16            SH:  0    Dex:  9    Spells: 11/11 levels left

rFire   . .          .
                       - Unarmed
rCold   . . .        (no shield)
rNeg    . . .        o - +0 acid dragon scales
rPois   .            (helmet restricted)
rElec   .            (no cloak)
rCorr   +            (gloves unavailable)
SInv    .            (boots unavailable)
Will    .....        (no amulet) Stlth
                     l - +3 ring of protection
HPRegen 1.36/turn    m - +3 ring of evasion
MPRegen 0.12/turn

%: no teleportation
@: berserking, silenced, drained, very quick
A: large, unfitting armour, claws 3, regeneration 1, shaggy fur 2, tough skin 1,
robust 1, no potion heal 1, MP-powered wands
a: Renounce Religion


You were in the Dungeon.
You worshipped Trog.
Trog was extremely pleased with you.
You visited 1 branch You collected 16 gold pieces.

Inventory:

Missiles
 k - 8 poisoned darts
 n - 9 large rocks
Armour
 a - a +0 animal skin
 o - +0 acid dragon scales (worn)
Jewellery
 l - a +3 ring of protection (left claw)
 m - a +3 ring of evasion (right claw)
 s - a ring of fire
 t - a ring of protection from cold
 u - a ring of see invisible
 A - a ring of fire
Wands
 z - a wand of iceblast (8)
Scrolls
 g - 2 scrolls of blinking
 i - 3 scrolls of vulnerability
 j - a scroll of summoning
 v - 3 scrolls of fog
 w - 2 scrolls of fear
 x - 2 scrolls of enchant weapon
 y - 2 scrolls of enchant armour
Potions
 b - 9 potions of curing
 c - 12 potions of heal wounds
 d - 5 potions of haste
 e - 4 potions of magic
 f - 4 potions of berserk rage
 h - 2 potions of invisibility
 q - a potion of mutation
 r - a potion of resistance


   Skills:
 + Level 15.2 Fighting
 + Level 7.6 Armour
 + Level 15.1 Dodging
 + Level 17.7 Unarmed Combat


You had 11 spell levels left.
You didn't know any spells.
Your spell library was empty.

Dungeon Overview and Level Annotations

Branches:
Dungeon (1/1)

Altars:
Ashenzari
Cheibriados
Dithmenos
Elyvilon
Fedhas
Gozag
Hepliaklqana
Kikubaaqudgha
Makhleb
Nemelex Xobeh
Okawaru
Qazlal
Ru
Sif Muna
Trog
Uskayaw
Vehumet
Wu Jian
Xom
Yredelemnul
Zin
The Shining One
Jiyva
Lugonu

Annotations:
D Ereshkigal


Innate Abilities, Weirdness & Mutations

You are too large for most types of armour.
You have claws for hands.
Your natural rate of healing is unusually fast.
You are covered in thick fur. (AC +2)
You have tough skin. (AC +1)
You are robust. (+10% HP)
Potions are less effective at restoring your health.
You expend magic power (3 MP) to strengthen your wands.


Message History

Unknown command.
Unknown command.
Unknown command.
You barely miss Ereshkigal.
Ereshkigal is severely wounded.
Your troll closely misses Ereshkigal.
Your troll claws Ereshkigal but does no damage.
Your troll misses Ereshkigal.
Your cyclops completely misses Ereshkigal.
Unknown command.
Unknown command.
You completely miss Ereshkigal.
Ereshkigal is severely wounded.
Ereshkigal closely misses you.
Your troll barely misses Ereshkigal.
Your troll misses Ereshkigal.
Your troll completely misses Ereshkigal.
Unknown command.
Unknown command.
Unknown command.
You miss Ereshkigal.
Ereshkigal is severely wounded.
Your cyclops completely misses Ereshkigal.
Ereshkigal gestures.
Ereshkigal's surroundings become eerily quiet.
Unknown command.
Unknown command.
Unknown command.
Unknown command.
You mangle Ereshkigal!!
Ereshkigal is severely wounded.
Your troll completely misses Ereshkigal. x2
Your troll closely misses Ereshkigal.
Unknown command.
Unknown command.
Unknown command.
Unknown command.
You barely miss Ereshkigal.
Ereshkigal is severely wounded.
Your cyclops misses Ereshkigal. Ereshkigal hits you!!
You die...

#+# #.# #'#
################'#
.................#
..).....†.....)C&#
+##############T@#
#.)# #..# #..#
#..# #..# #..#
#..# #..#


You could see Ereshkigal (silencing, unsilenced, ally target), a friendly
cyclops (summoned, berserk) and a friendly troll (summoned, berserk).

Vanquished Creatures
  A centaur warrior (D)
  A two-headed ogre (D)
  A demonic crawler (D)
  A flayed ghost (D)
  A phantasmal warrior (D)
  A deep elf pyromancer (D)
  2 cyclopes (D)
  A smoke demon (D)
  An unseen horror (D)
  An ice devil (D)
  A troll (D)
  4 blink frogs (D)
  A glass eye (D)
  An air elemental (D)
  A wyvern (D)
  A wraith (D)
  2 fire bats (D)
  A basilisk (D)
  A water moccasin (D)
  An ice beast (D)
  A sky beast (D)
  2 wolves (D)
  An ogre (D)
  2 centaurs (D)
  A kobold brigand (D)
  4 wights (D)
  5 killer bees (D)
  A quasit (D)
  A hound (D)
  2 orc priests (D)
  2 gnoll boudas (D)
  12 gnolls (D)
  A river rat (D)
  An ufetubus (D)
  6 orcs (D)
  A bat zombie (D)
  An endoplasm (D)
  A hobgoblin (D)
  6 jackals (D)
  A ball python skeleton (D)
  A bat (D)
  2 frilled lizards (D)
  2 kobolds (D)
82 creatures vanquished.

Vanquished Creatures (collateral kills)
  Aizul (D)
  A nagaraja (D)
  Josephine (D)
  Erolcha (D)
  A boulder beetle (D)
  A death knight (D)
  A sixfirhy (D)
  2 shadow wraiths (D)
  An orc sorcerer (D)
  A phantasmal warrior (D)
  A gargoyle (D)
  An orange demon (D)
  A smoke demon (D)
  3 wraiths (D)
  3 yaks (D)
  Grum (D)
  2 vampire mosquitoes (D)
  An acid dragon (D)
  7 wolves (D)
  A gnoll bouda (D)
  A mummy (D)
  2 gnolls (D)
  A river rat (D)
36 creatures vanquished.

Grand Total: 118 creatures vanquished

Notes
Turn   | Place    | Note
-------+----------+-------------------------------------------
     0 | D        | sircluck the Troll Berserker began the quest for the Orb.
     0 | D        | Reached XP level 1. HP: 22/22 MP: 0/0
    18 | D        | Reached XP level 2. HP: 20/31 MP: 1/1
    52 | D        | Found a bloodstained altar of Trog.
    52 | D        | Found a shimmering blue altar of Sif Muna.
    52 | D        | Found a viscous altar of Jiyva.
    52 | D        | Found a hazy altar of Hepliaklqana.
    52 | D        | Found an opulent altar of Gozag.
    53 | D        | Found a glowing golden altar of the Shining One.
    53 | D        | Found a glowing silver altar of Zin.
    53 | D        | Found a basalt altar of Yredelemnul.
    53 | D        | Found a shimmering altar of Xom.
    53 | D        | Found an ornate altar of the Wu Jian Council.
    53 | D        | Found a sacrificial altar of Ru.
    53 | D        | Found a stormy altar of Qazlal.
    53 | D        | Found an iron altar of Okawaru.
    53 | D        | Found a sparkling altar of Nemelex Xobeh.
    53 | D        | Found a burning altar of Makhleb.
    53 | D        | Found a blossoming altar of Fedhas.
    53 | D        | Found a white marble altar of Elyvilon.
    53 | D        | Found a shadowy altar of Dithmenos.
    53 | D        | Found a snail-covered altar of Cheibriados.
    65 | D        | Reached skill level 4 in Unarmed Combat
    70 | D        | Reached ** piety under Trog
   115 | D        | Reached XP level 3. HP: 37/39 MP: 2/2
   116 | D        | Reached *** piety under Trog
   120 | D        | Reached **** piety under Trog
   131 | D        | Reached skill level 5 in Unarmed Combat
   135 | D        | Reached XP level 4. HP: 31/49 MP: 3/3
   201 | D        | Noticed an ice beast
   224 | D        | Reached ***** piety under Trog
   225 | D        | Noticed a fire bat
   243 | D        | Reached skill level 5 in Fighting
   243 | D        | Reached skill level 5 in Dodging
   243 | D        | Reached skill level 6 in Unarmed Combat
   243 | D        | Reached XP level 5. HP: 52/57 MP: 4/4
   265 | D        | Killed an ice beast
   266 | D        | Reached skill level 7 in Unarmed Combat
   274 | D        | Reached XP level 6. HP: 63/68 MP: 5/5
   275 | D        | Reached skill level 8 in Unarmed Combat
   302 | D        | Received a gift from Trog
   322 | D        | HP: 1/68 [wight/+3 flail (5)]
   324 | D        | Reached skill level 9 in Unarmed Combat
   401 | D        | Killed a fire bat
   402 | D        | Reached XP level 7. HP: 62/80 MP: 6/6
   404 | D        | Received a gift from Trog
   404 | D        | Reached ****** piety under Trog
   433 | D        | Noticed a basilisk
   438 | D        | Killed a basilisk
   439 | D        | Reached skill level 10 in Unarmed Combat
   495 | D        | Noticed a demonic crawler
   495 | D        | Noticed a phantasmal warrior
   509 | D        | Killed a phantasmal warrior
   510 | D        | Reached skill level 11 in Unarmed Combat
   510 | D        | Reached XP level 8. HP: 93/93 MP: 7/7
   514 | D        | Killed a demonic crawler
   515 | D        | Reached skill level 10 in Fighting
   515 | D        | Reached skill level 10 in Dodging
   515 | D        | Reached skill level 12 in Unarmed Combat
   515 | D        | Reached XP level 9. HP: 102/102 MP: 8/8
   604 | D        | Found a radiant altar of Vehumet.
   604 | D        | Found a corrupted altar of Lugonu.
   605 | D        | Found a hide-covered altar of Uskayaw.
   605 | D        | Found an ancient bone altar of Kikubaaqudgha.
   605 | D        | Found a broken altar of Ashenzari.
   635 | D        | Noticed a cyclops
   643 | D        | Received a gift from Trog
   647 | D        | Killed a cyclops
   686 | D        | Noticed a boulder beetle
   694 | D        | Noticed a smoke demon
   696 | D        | Noticed Erolcha
   701 | D        | Killed a boulder beetle
   702 | D        | Reached skill level 13 in Unarmed Combat
   702 | D        | Killed Erolcha
   702 | D        | Received a gift from Trog
   705 | D        | Killed a smoke demon
   706 | D        | Reached XP level 10. HP: 97/115 MP: 9/9
   717 | D        | Noticed a death knight
   719 | D        | Reached skill level 14 in Unarmed Combat
   725 | D        | Killed a death knight
   751 | D        | Received a gift from Trog
   761 | D        | Noticed a phantasmal warrior
   761 | D        | Noticed an orange demon
   761 | D        | Noticed a gargoyle
   765 | D        | Killed a phantasmal warrior
   768 | D        | Killed an orange demon
   768 | D        | Killed a gargoyle
   769 | D        | Reached skill level 15 in Unarmed Combat
   777 | D        | Noticed Grum
   785 | D        | Received a gift from Trog
   789 | D        | Killed Grum
   791 | D        | Reached skill level 1 in Armour
   820 | D        | Noticed a two-headed ogre
   821 | D        | Received a gift from Trog
   825 | D        | Killed a two-headed ogre
   826 | D        | Reached XP level 11. HP: 121/127 MP: 10/10
   838 | D        | Got the ring of Erruziumeh {+Blink rC+ AC+4 Slay-4}
   848 | D        | Noticed a sixfirhy
   848 | D        | Noticed Josephine
   848 | D        | Noticed a nagaraja
   853 | D        | Received a gift from Trog
   862 | D        | Killed a shadow wraith
   863 | D        | Reached skill level 16 in Unarmed Combat
   863 | D        | Killed Josephine
   868 | D        | Killed a sixfirhy
   869 | D        | Killed a nagaraja
   870 | D        | Received a gift from Trog
   871 | D        | Reached skill level 5 in Armour
   872 | D        | Killed a shadow wraith
   887 | D        | Received a gift from Trog
  1111 | D        | Gained mutation: You are robust. (+10% HP) [potion of
                  | mutation]
  1111 | D        | Gained mutation: You are covered in thick fur. (AC +2)
                  | [potion of mutation]
  1111 | D        | Gained mutation: Potions are less effective at restoring
                  | your health. [potion of mutation]
  1111 | D        | Gained mutation: You expend magic power (3 MP) to
                  | strengthen your wands. [potion of mutation]
  1123 | D        | Received a gift from Trog
  1133 | D        | Reached skill level 17 in Unarmed Combat
  1141 | D        | Noticed a flayed ghost
  1143 | D        | Paralysed by an air elemental for 1 turns
  1151 | D        | Killed a flayed ghost
  1218 | D        | Noticed a centaur warrior
  1228 | D        | Killed a centaur warrior
  1242 | D        | Noticed a deep elf pyromancer
  1263 | D        | Received a gift from Trog
  1264 | D        | Reached XP level 12. HP: 120/154 MP: 11/11
  1268 | D        | Reached skill level 15 in Fighting
  1297 | D        | Noticed Aizul
  1303 | D        | Killed Aizul
  1304 | D        | Reached skill level 15 in Dodging
  1305 | D        | Received a gift from Trog
  1385 | D        | Noticed Ereshkigal
  1387 | D        | Paralysed by Ereshkigal for 2 turns
  1405 | D        | HP: 8/223 [Ereshkigal (13)]
  1405 | D        | HP: 3/217 [Ereshkigal (5)]
  1410 | D        | Annihilated by Ereshkigal

Illustrated notes

Levels and vault maps discovered:
D:        pitsprint [storerooms_1, entrance_room_1, metal_vault_1, armoury_2,
          mini_pit_1, grid_room_1, main_hall_1, silver_pit, the_coven_1,
          the_vestibule_1, steel_vault_2, golden_pit, hallway_of_sentries,
          crystal_vault_4, iron_vault_2, final_vault]

Skill      XL: |  1  2  3  4  5  6  7  8  9 10 11 12 |
---------------+-------------------------------------+-----
Fighting       | 3 4 5 6 8 9 10 12 13 14 15 | 15.2
Dodging        | 3 4 5 6 8 9 10 11 13 14 15 | 15.1
Unarmed Combat | 4 5 6 7 9 11 12 13 15 17 | 17.7
Armour         | 2 6 7 |  7.6

Action                     |  1- 3 |  4- 6 |  7- 9 | 10-12 || total
---------------------------+-------+-------+-------+-------++-------
  Melee: Unarmed           |    49 |    56 |    58 |   120 ||   283
         Punch             |       |     1 |     2 |     4 ||     7
 Invoke: Berserk           |       |       |     1 |     2 ||     3
         Brothers in Arms  |       |       |     1 |     7 ||     8
    Use: Potion            |       |       |       |     1 ||     1
 Armour: Animal skin       |    35 |    33 |    30 |    11 ||   109
         Acid dragon scale |       |       |       |   102 ||   102
  Dodge: Dodged            |    27 |    19 |    15 |    91 ||   152

Table legend: (Time is in decaauts)
 A = Elapsed time spent in this place.
 B = Non-inter-level travel time spent in this place.
 C = Inter-level travel time spent in this place.
 D = Time resting spent in this place.
 E = Time spent auto-exploring this place.
 F = Levels seen in this place.
 G = Mean time per level.
                   A        B        C        D        E       F      G
               +--------+--------+--------+--------+--------+-----+--------+
         Total |   1364 |   1364 |      0 |    318 |    369 |   1 | 1364.0 |
       Dungeon |   1364 |   1364 |      0 |    318 |    369 |   1 | 1364.0 |
               +--------+--------+--------+--------+--------+-----+--------+

Top non-repeatable levels by time:
       D: 1364 daAuts
